 Dungeon Crawl Stone Soup version 0.26.1-11-gd32895ea62 (webtiles) character file.

Game seed: 1950803683374166351

585 g0rg the Covert (level 7, -8/44 HPs)
             Began as an Octopode Fire Elementalist on Apr 28, 2021.
             Mangled by an iguana (11 damage)
             ... on level 5 of the Dungeon.
             The game lasted 00:17:53 (6047 turns).

g0rg the Covert (Octopode Fire Elementalist)        Turns: 6047, Time: 00:17:55

Health: -8/44      AC:  1    Str:  8    XL:     7   Next: 37%
Magic:  28/32      EV: 14    Int: 21    God:
Gold:   105        SH:  0    Dex: 17    Spells: 3/16 levels left

rFire    + + .     SeeInvis .   r - +3 war axe of Expedience {distort, rPois Dex+5}
rCold    x . .     Faith    .   (no shield)
rNeg     . . .     Spirit   .   (helmet restricted)
rPois    +         Reflect  .   (no amulet)
rElec    .         Harm     .   a - ring of protection from fire
rCorr    .         Rampage  .   b - ring of fire
Will     .....     Clarity  +   c - ring of magical power
Stlth    ++++++....             n - ring of magical power (curse)
HPRegen  0.14/turn              (no ring)
MPRegen  0.23/turn              (no ring)
                                (no ring)
                                (no ring)

@: very slightly contaminated
A: almost no armour, stealthy swim, amphibious, 8 rings, constrict 8, camouflage
1, clarity, clever 1, frail 1, gelatinous body 1
a: no special abilities


You were on level 5 of the Dungeon.
You visited 1 branch of the dungeon, and saw 5 of its levels.

You collected 105 gold pieces.

Inventory:

Hand Weapons
 l - a +3 whip of venom
 r - the +3 war axe of Expedience (weapon) {distort, rPois Dex+5}
   (You found it on level 4 of the Dungeon)

   It warps and distorts space around it.
   Unwielding it can cause banishment or high damage.
   It affects your dexterity (+5).
   It protects you from poison.
Jewellery
 a - a ring of protection from fire (left tentacle)
 b - a ring of fire (right tentacle)
 c - a ring of magical power (on tentacle)
 k - an uncursed amulet of reflection {unknown}
 n - a cursed ring of magical power (on tentacle)
Wands
 p - a wand of acid (10)
Scrolls
 e - a scroll of teleportation
 f - 3 scrolls of remove curse {unknown}
 t - a scroll of identify {unknown}
Potions
 h - 2 potions of cancellation
 s - a potion of haste


   Skills:
 - Level 4.4 Fighting
 - Level 2.2 Dodging
 + Level 10.2 Stealth
 - Level 0.3 Unarmed Combat
 + Level 5.3 Spellcasting
 + Level 2.6 Conjurations
 + Level 6.6 Fire Magic


You had 3 spell levels left.
You knew the following spells:

 Your Spells              Type           Power        Failure   Level
a - Foxfire               Conj/Fire      100%         1%          1
b - Conjure Flame         Conj/Fire      37%          4%          3
c - Sticky Flame          Conj/Fire      37%          16%         4
d - Fireball              Conj/Fire      18%          41%         5

Your spell library contained the following spells:

 Spells                   Type           Power        Failure   Level
 Inner Flame              Hex/Fire       29%          9%          3


Dungeon Overview and Level Annotations

Branches:
Dungeon (5/15)             Temple (0/1) D:5

Altars:
Elyvilon
Hepliaklqana
Kikubaaqudgha
Nemelex Xobeh
Xom
Zin

Shops:
D:4 ?


Innate Abilities, Weirdness & Mutations

You cannot wear most types of armour.
You are very stealthy in the water. (Stealth+)
You are amphibious.
You can wear up to eight rings at the same time.
You can use your tentacles to constrict eight enemies at once.
Your skin changes colour to match your surroundings (Stealth+).
Your rubbery body absorbs attacks. (AC +1, EV +1)
You possess an exceptional clarity of mind.
Your mind is acute. (Int +2)
You are frail. (-10% HP)


Message History

You kill the scorpion!
The centaur shoots an arrow.
The arrow hits you.
* * * LOW HITPOINT WARNING * * *
The centaur shoots an arrow.
The arrow closely misses you.
Unknown command.
You are too injured to fight recklessly!
Unknown command.
Casting: Foxfire (safe; 1% risk of failure)
Confirm with . or Enter, or press ? or * to list all spells.
You feel a surge of power!
You conjure some foxfire!
The foxfire hits the centaur.
The centaur is moderately wounded.
The iguana closely misses you.
You hit the centaur.
Space warps horribly around the centaur!
You kill the centaur!
You closely miss the iguana.
The foxfire hits the iguana but does no damage.
The iguana bites you!
You die...

*,,,,,,,,,,,,,,*,*,*,**,***,,*,
*,,,,,...(.....#.,,,,,,,,***,*,
*,,,,,..$.......,,******,,**,**
*,,,,,..........,** *,,,,,**
*,,,,,........[#** ***,,,,,
*,,,,*.........# *,,,,,
*,,,**.........# *,****
******.......l.# ***
*.......)@# *##########


You could see an iguana.

Vanquished Creatures
  Sigmund (D:4)
  A phantom (D:4)
  A centaur (D:5)
  A scorpion (D:5)
  3 worker ants
  A gnoll (D:1)
  6 adders
  An ufetubus (D:5)
  An ooze (D:2)
  An adder skeleton (D:4)
  2 worms
  A dart slug (D:3)
  2 leopard geckos (D:1)
  5 orcs (D:4)
  5 giant cockroaches
  8 goblins
  6 hobgoblins
  8 jackals
  2 ball pythons
  11 bats
  6 frilled lizards
  6 kobolds
  8 rats
87 creatures vanquished.

Vanquished Creatures (collateral kills)
  6 foxfires (D:4)
6 creatures vanquished.

Vanquished Creatures (others)
  A leopard gecko (D:4)
  2 orcs (D:4)
  A quokka (D:4)
  459 foxfires
  3 withered plants (D:4)
466 creatures vanquished.

Grand Total: 559 creatures vanquished

Notes
Turn   | Place    | Note
-------+----------+-------------------------------------------
     0 | D:1      | g0rg the Octopode Fire Elementalist began the quest for the
                  | Orb.
     0 | D:1      | Reached XP level 1. HP: 11/11 MP: 3/3
   373 | D:1      | Reached XP level 2. HP: 17/17 MP: 0/5
  1054 | D:1      | Reached skill level 3 in Stealth
  1114 | D:1      | Reached XP level 3. HP: 21/21 MP: 2/6
  1984 | D:2      | Reached skill level 9 in Stealth
  1984 | D:2      | Reached XP level 4. HP: 34/34 MP: 1/10
  2229 | D:2      | Learned a level 3 spell: Conjure Flame
  2234 | D:2      | Learned a level 4 spell: Sticky Flame
  2245 | D:2      | Reached XP level 5. HP: 38/38 MP: 9/12
  2933 | D:2      | Found a hazy altar of Hepliaklqana.
  2939 | D:2      | Found a glowing silver altar of Zin.
  3100 | D:3      | Learned a level 5 spell: Fireball
  3185 | D:3      | Found a white marble altar of Elyvilon.
  4456 | D:4      | Reached skill level 5 in Spellcasting
  4456 | D:4      | Reached XP level 6. HP: 20/44 MP: 13/13
  4463 | D:4      | Got a smoking war axe
  4463 | D:4      | Identified the +3 war axe of Expedience {distort, rPois
                  | Dex+5} (You found it on level 4 of the Dungeon)
  4706 | D:4      | Noticed a phantom
  4716 | D:4      | Killed a phantom
  4717 | D:4      | Reached skill level 10 in Stealth
  4798 | D:4      | Found a shimmering altar of Xom.
  5072 | D:4      | HP: 2/44 [poisoned by a worker ant]
  5355 | D:4      | Found Duthio's Magic Scroll Shoppe.
  5379 | D:4      | Gained mutation: You are frail. (-10% HP) [potion of
                  | mutation]
  5379 | D:4      | Gained mutation: Your mind is acute. (Int +2) [potion of
                  | mutation]
  5379 | D:4      | Gained mutation: You possess an exceptional clarity of
                  | mind. [potion of mutation]
  5438 | D:4      | Found a sparkling altar of Nemelex Xobeh.
  5520 | D:4      | Noticed Sigmund
  5521 | D:4      | Found an ancient bone altar of Kikubaaqudgha.
  5565 | D:4      | Killed Sigmund
  5566 | D:4      | Reached XP level 7. HP: 44/44 MP: 9/14
  6034 | D:5      | Entered Level 5 of the Dungeon
  6045 | D:5      | HP: 2/44 [centaur/arrow (2)]
  6047 | D:5      | Mangled by an iguana

Illustrated notes

Levels and vault maps discovered:
D:1:      dpeg_arrival_round_b, layout_basic
D:2:      layout_loops_cross, minitemple, nrook_mini_vaults,
          minmay_misc_feat_columns
D:3:      layout_loops_corners, elyvilon_altar_4, chequers_arboretum
D:4:      wander_river, layout_basic, kiku_gazebo_garden_becter,
          xom_confusion_cloud, nemelex_xobeh_ov_fountains_minmay, serial_shops,
          kennysheep_mini_moat, serial_rivers, chequers_serial_rivers_micro_d,
          chequers_serial_rivers_micro_c, chequers_serial_rivers_large_a,
          chequers_serial_rivers_room_b, chequers_serial_rivers_micro_e,
          chequers_serial_rivers_room_a, uniq_sigmund
D:5:      layout_rooms, old_standard_altar,
          minmay_temple_entry_drinking_statues, uniq_crazy_yiuf_cottage

Skill      XL: |  1  2  3  4  5  6 |
---------------+-------------------+-----
Stealth        | 3 9 10 | 10.2
Fire Magic     | 6 |  6.6
Fighting       | 4 |  4.4
Spellcasting   | 4 5 |  5.3
Conjurations   | 2 |  2.6
Dodging        | |  2.2
Unarmed Combat | |  0.3

Action                   |  1- 3 |  4- 6 |  7- 9 || total
-------------------------+-------+-------+-------++-------
Melee: Unarmed           |    26 |     1 |       ||    27
       Constrict         |     5 |       |       ||     5
       Tentacles         |     3 |       |       ||     3
       War axe           |       |       |     2 ||     2
 Cast: Foxfire           |    82 |   219 |    39 ||   340
       Conjure Flame     |       |     4 |       ||     4
  Use: Potion            |     4 |     8 |       ||    12
       Scroll            |       |       |     2 ||     2
Armor: Skin              |     4 |     2 |       ||     6
Dodge: Dodged            |    19 |    26 |     2 ||    47
